 Dungeon Crawl Stone Soup version 0.25-a0-98-g0cf78c2f83 (webtiles) character file.

Game seed: 14465058315266531649, levelgen mode: deterministic

3758 Shinah the Cleaver (level 10, -12/91 HPs)
             Began as a Gargoyle Fighter on Nov 14, 2019.
             Was a Believer of Qazlal.
             Mangled by a cyclops (17 damage)
             ... on level 8 of the Dungeon.
             The game lasted 00:20:34 (8826 turns).

Shinah the Cleaver (Gargoyle Fighter)               Turns: 8826, Time: 00:20:35

Health: -12/91     AC: 19    Str: 27    XL:     10   Next: 15%
Magic:  12/12      EV:  7    Int: 10    God:    Qazlal [**....]
Gold:   441        SH: 14    Dex:  9    Spells: 9/9 levels left

rFire    x . .     SeeInvis .   J - +1 war axe (elec)
rCold    + . .     Gourm    +   c - +0 shield
rNeg     + . .     Faith    .   r - +0 chain mail
rPois    ∞         Spirit   .   (no helmet)
rElec    +         Reflect  .   H - +0 cloak
rCorr    .         Harm     .   (no gloves)
MR       +....                  (no boots)
Stlth    ..........             l - amulet of the gourmand
HPRegen  0.25/turn              D - ring of protection from magic
MPRegen  0.13/turn              M - ring of ice

@: berserking, very quick
A: negative energy resistance 1, electricity resistance, unbreathing,
petrification resistance, rot immunity, AC +7
a: Upheaval, Renounce Religion


You were on level 8 of the Dungeon.
You worshipped Qazlal.
Qazlal was pleased with you.
You were very full.

You visited 1 branch of the dungeon, and saw 8 of its levels.

You collected 441 gold pieces.

Inventory:

Hand Weapons
 a - a +0 war axe
 z - a +3 dagger of venom
 J - a +1 war axe of electrocution (weapon)
 K - a +0 trident
Missiles
 m - 14 boomerangs
 R - 6 poisoned darts (quivered)
Armour
 c - a +0 shield (worn)
 r - a +0 chain mail (worn)
 H - a +0 cloak (worn)
 I - a +2 robe of cold resistance
Jewellery
 l - an amulet of the gourmand (around neck)
 A - an uncursed ring of positive energy
 D - a ring of protection from magic (left hand)
 F - an uncursed ring of protection from magic
 G - an uncursed ring of resist corrosion
 M - a ring of ice (right hand)
 P - an uncursed ring of flight
Wands
 h - a wand of disintegration (14)
 i - a wand of polymorph (16)
 y - a wand of digging (4)
 E - a wand of acid (3)
 N - a wand of flame (8)
 Q - a wand of random effects (15)
Scrolls
 g - 2 scrolls of enchant weapon {unknown}
 j - 4 scrolls of remove curse
 o - 7 scrolls of amnesia
 s - a scroll of immolation {unknown}
 t - a scroll of magic mapping {unknown}
 x - 2 scrolls of blinking {unknown}
 C - 3 scrolls of teleportation {unknown}
 O - a scroll of brand weapon {unknown}
Potions
 b - a potion of ambrosia
 d - a potion of might
 e - 4 potions of curing
 p - 2 potions of brilliance
 q - a potion of invisibility {unknown}
 u - a potion of agility {unknown}
 w - 3 potions of cancellation
 B - a potion of lignification
 L - a potion of heal wounds {unknown}
Comestibles
 f - 14 rations


   Skills:
 + Level 6.4 Fighting
 + Level 8.0 Axes
 + Level 4.0 Throwing
 + Level 6.9 Armour
 - Level 0.2 Stealth
 + Level 7.8 Shields
 * Level 3.3 Invocations


You had 9 spell levels left.
You didn't know any spells.
Your spell library was empty.

Dungeon Overview and Level Annotations

Branches:
Dungeon (8/15)             Temple (0/1) D:4
   Lair: D:8-11

Altars:
Cheibriados
Dithmenos
Gozag
Makhleb
Qazlal
Ru
Sif Muna
Trog
Vehumet
Xom
Yredelemnul
Zin
The Shining One

Annotations:
D:3 exclusion: downstairs
D:5 exclusion: 2 downstairs
D:7 3 runed translucent doors, whitenoisemaker's ghost, novice GnWn


Innate Abilities, Weirdness & Mutations

You are resistant to torment.
Your stone body is resilient. (AC +7)
You are immune to poison.
You resist negative energy. (rN+)
You are resistant to electric shocks. (rElec)
You can survive without breathing.
You are immune to petrification.
You are immune to rotting.


Message History

The cyclops is moderately wounded.
The cyclops hits you!!
You are too injured to fight recklessly!
You are too injured to fight recklessly!
You are too injured to fight recklessly!
You slash the cyclops!
The cyclops is heavily wounded.
The cyclops hits you.
You slash the cyclops!
The cyclops is severely wounded.
You hit the cyclops.
The cyclops is severely wounded.
The cyclops hits you!
You hit the cyclops.
The cyclops is almost dead.
The cyclops hits you!
* * * LOW HITPOINT WARNING * * *
A red film seems to cover your vision as you go berserk!
You feel yourself moving faster!
You feel mighty! The cyclops hits you!
You die...

#.##.......########.....<#...#
#.#####..........##......#...#
#.# #..........##.##'#.#...#
#.# #..........'..##.#.#...#
#.# #..........#####.#.#....
#.# #..........# #.#.#....
#.#####....##'########.#......
#.#...#.......C........#......
#.#...#....##@##....(.........
#.#...#....##.#<..............
#.#...........##..............
#.'...........###.............
###...........# ###(..........
#...........# #............
#...#...............C.......
#.##.......####.............
#....##.#### ..............


You could see a cyclops.

Vanquished Creatures
  A hornet (D:8)
  A wyvern (D:8)
  A hungry ghost (D:7)
  3 orc warriors
  2 sky beasts
  A black bear (D:6)
  4 phantoms
  2 ice beasts
  A necrophage (D:8)
  4 ogres
  2 centaurs (D:8)
  A big kobold (D:8)
  2 bullfrogs (D:8)
  5 wights
  A howler monkey (D:4)
  6 crimson imps
  A bullfrog zombie (D:8)
  2 hounds
  2 jellies (D:8)
  4 orc priests
  6 orc wizards
  A centaur skeleton (D:8)
  4 iguanas
  A bullfrog skeleton (D:4)
  3 worker ants
  Ijyb (D:3)
  2 hound zombies
  11 adders
  2 gnolls (D:6)
  An adder skeleton (D:8)
  2 adder zombies
  A worm (D:4)
  2 dart slugs
  2 leopard geckos
  15 orcs
  4 bats
  5 giant cockroaches
  8 goblins
  6 hobgoblins
  6 jackals
  13 kobolds
  8 quokkas
  3 frilled lizards
  2 quokka skeletons (D:7)
  6 rats
161 creatures vanquished.

Vanquished Creatures (others)
  4 fungi (D:7)
4 creatures vanquished.

Grand Total: 165 creatures vanquished

Notes
Turn   | Place    | Note
-------+----------+-------------------------------------------
     0 | D:1      | Shinah the Gargoyle Fighter began the quest for the Orb.
     0 | D:1      | Reached XP level 1. HP: 14/14 MP: 1/1
     4 | D:1      | Noticed a death yak
     7 | D:1      | Noticed an elephant
   482 | D:1      | Reached XP level 2. HP: 19/19 MP: 2/2
   509 | D:1      | Reached skill level 2 in Axes
   794 | D:2      | Found a basalt altar of Yredelemnul.
  1151 | D:2      | Reached XP level 3. HP: 23/23 MP: 3/3
  1455 | D:3      | Found a faded altar of an unknown god.
  1935 | D:3      | Reached XP level 4. HP: 23/28 MP: 4/4
  2056 | D:3      | Noticed Ijyb
  2068 | D:3      | Killed Ijyb
  2481 | D:3      | Reached XP level 5. HP: 33/33 MP: 5/5
  2554 | D:3      | Found an opulent altar of Gozag.
  2554 | D:3      | Found a snail-covered altar of Cheibriados.
  2559 | D:3      | Found a sacrificial altar of Ru.
  2561 | D:3      | Found a radiant altar of Vehumet.
  2568 | D:3      | Found a shimmering altar of Xom.
  3138 | D:4      | Noticed an ogre
  3149 | D:4      | Killed an ogre
  3149 | D:4      | Reached skill level 3 in Axes
  3149 | D:4      | Reached skill level 1 in Throwing
  3149 | D:4      | Reached XP level 6. HP: 38/38 MP: 6/6
  3237 | D:4      | Reached skill level 5 in Shields
  3707 | D:4      | Found a stormy altar of Qazlal.
  3722 | D:4      | Became a worshipper of Qazlal Stormbringer
  3873 | D:4      | Noticed a moth of wrath
  3876 | D:4      | Found a bloodstained altar of Trog.
  4012 | D:4      | Reached XP level 7. HP: 43/44 MP: 7/7
  4152 | D:4      | Found a staircase to the Ecumenical Temple.
  4244 | D:4      | Reached skill level 4 in Axes
  4734 | D:5      | Entered Level 5 of the Dungeon
  5044 | D:5      | Reached skill level 5 in Armour
  5230 | D:6      | Reached XP level 8. HP: 31/48 MP: 8/8
  5360 | D:6      | Reached * piety under Qazlal
  5360 | D:6      | Reached skill level 5 in Fighting
  5360 | D:6      | Reached skill level 5 in Axes
  6156 | D:6      | Reached skill level 6 in Axes
  6582 | D:6      | Reached XP level 9. HP: 54/54 MP: 9/9
  6838 | D:7      | Found a glowing silver altar of Zin.
  6845 | D:7      | Found a runed translucent gate.
  6845 | D:7      | Found a runed translucent gate.
  6845 | D:7      | Found a runed translucent gate.
  6847 | D:7      | Noticed whitenoisemaker's ghost (novice GnWn)
  6849 | D:7      | Identified the +1 dagger "Byrinaoh" {pain, rF- Str-3 Dex+6}
  7134 | D:6      | Reached ** piety under Qazlal
  7358 | D:7      | Reached skill level 7 in Axes
  7425 | D:7      | Found a shadowy altar of Dithmenos.
  7426 | D:7      | Found a shimmering blue altar of Sif Muna.
  7430 | D:7      | Found a glowing golden altar of the Shining One.
  7432 | D:7      | Reached skill level 1 in Invocations
  8211 | D:8      | Noticed a hornet
  8217 | D:8      | Reached XP level 10. HP: 54/60 MP: 12/12
  8236 | D:8      | Reached skill level 8 in Axes
  8354 | D:8      | Found a burning altar of Makhleb.
  8689 | D:8      | Noticed a cyclops
  8825 | D:8      | HP: 3/61 [cyclops (16)]
  8826 | D:8      | Mangled by a cyclops

Levels and vault maps discovered:
D:1:      sevenhm_arrival_forest_fort_small_2, layout_basic
D:2:      layout_loops_ring, lemuel_doored_altar, serial_glass, glass_columns_b,
          glass_columns_a
D:3:      layout_basic, chequers_temple_overflow_minitemple,
          chequers_ecumenical_altar_simple_redux,
          minmay_fractal_squares_gapless_5, uniq_ijyb
D:4:      layout_loops_cross, grunt_qazlal_clouds,
          minmay_temple_entry_stoned_glass, first_ration, serial_bayou_lagoon_a,
          tgw_trog
D:5:      layout_gridville
D:6:      layout_loops_ring
D:7:      layout_rooms, grunt_temple_overflow_open, overflow_temple_1_default,
          gammafunk_ghost_nasty_kobolds
D:8:      layout_basic, old_standard_altar, grunt_pizzeria, kb_rosetta

Skill      XL: |  1  2  3  4  5  6  7  8  9 10 |
---------------+-------------------------------+-----
Axes           | 2 3 4 6 7 8 |  8.0
Armour         | 4 5 6 |  6.9
Shields        | 4 5 6 7 |  7.8
Fighting       | 4 5 6 |  6.4
Throwing       | 1 2 3 4 |  4.0
Invocations    | 2 3 |  3.3
Stealth        | |  0.2

Action                   |  1- 3 |  4- 6 |  7- 9 | 10-12 || total
-------------------------+-------+-------+-------+-------++-------
Melee: War axe           |   151 |   125 |   334 |    37 ||   647
Throw: Dart              |     8 |    44 |    60 |       ||   112
       Stone             |       |       |     1 |       ||     1
       Boomerang         |       |       |     3 |       ||     3
  Use: Scroll            |       |     5 |       |     5 ||    10
       Potion            |       |       |     2 |     1 ||     3
  Eat: Chunk             |    16 |     7 |    22 |     1 ||    46
Armor: Scale mail        |    98 |    64 |   135 |       ||   297
       Chain mail        |       |       |    31 |     8 ||    39
       Skin              |       |       |     2 |       ||     2
Dodge: Dodged            |    58 |    35 |    84 |     7 ||   184
Block: Shield            |    84 |    57 |   205 |    21 ||   367

Table legend:
 A = Non-vault XP
 B = Vault XP
 C = Vault XP percentage of total XP
 D = Non-vault monster count
 E = Vault monster count
 F = Vault count percentage of total count
                 A         B        C        D         E       F
            +---------+---------+-------+---------+---------+-------
      Total |    4765 |     604 |  11.2 |     149 |      12 |   7.5
            +---------+---------+-------+---------+---------+-------
        D:1 |      18 |       0 |   0.0 |       9 |       0 |   0.0
        D:2 |      19 |       0 |   0.0 |      10 |       0 |   0.0
        D:3 |     175 |      38 |  17.8 |      25 |       3 |  10.7
        D:4 |     732 |       9 |   1.2 |      19 |       5 |  20.8
        D:5 |     160 |       0 |   0.0 |       7 |       0 |   0.0
        D:6 |    1419 |       0 |   0.0 |      30 |       0 |   0.0
        D:7 |     998 |       0 |   0.0 |      22 |       0 |   0.0
        D:8 |    1244 |     557 |  30.9 |      27 |       4 |  12.9
            +---------+---------+-------+---------+---------+-------
